 Dungeon Crawl Stone Soup version 0.31-a0-1529-g7bd419a0e5 (webtiles) character file.

Game seed: 14354618859789252627

91 voltaire321 the Sneak (level 4, -6/28 HPs)
             Began as an Octopode Hedge Wizard on Dec 31, 2023.
             Killed from afar by an orc wizard (10 damage)
             ... with a magic dart
             ... on level 3 of the Dungeon.
             The game lasted 00:06:28 (2308 turns).

voltaire321 the Sneak (Octopode Hedge Wizard)       Turns: 2308, Time: 00:06:29

Health: -6/28      AC:  1    Str:  9    XL:     4   Next: 57%
Magic:  6/8        EV: 13    Int: 18    God:
Gold:   152        SH:  0    Dex: 11    Spells: 4/9 levels left

rFire   + . .        a - +1 dagger (freeze)
rCold   . . .        (no shield)
rNeg    . . .        b - +0 hat
rPois   .            (no amulet)
rElec   .            h - ring of protection from fire
rCorr   .            (no ring)
SInv    .            (no ring)
Will    .....        (no ring)
Stlth   +++          (no ring)
HPRegen 0.24/turn    (no ring)
MPRegen 0.11/turn    (no ring)
                     (no ring)

%: no passive effects
@: no status effects
A: almost no armour, amphibious, 8 rings, camouflage 1, gelatinous body 1,
(nimble swimmer 1), tentacles
a: no special abilities


You were on level 3 of the Dungeon.
You visited 1 branch of the dungeon, and saw 3 of its levels.

You collected 152 gold pieces.

Inventory:

Hand Weapons
 a - a +1 dagger of freezing (weapon)
 m - a +0 short sword of venom
Missiles
 f - a throwing net
Armour
 b - a +0 hat (worn)
Jewellery
 h - a ring of protection from fire (left tentacle)
 l - a ring of flight
Scrolls
 e - a scroll of blinking {unknown}
 i - a scroll of enchant weapon {unknown}
 j - a scroll of vulnerability {unknown}
Potions
 c - a potion of magic
 d - a potion of attraction {unknown}
 g - 2 potions of heal wounds {unknown}
 k - a potion of enlightenment {unknown}
 n - a potion of might {unknown}
 o - a potion of resistance {unknown}


   Skills:
 + Level 1.3 Fighting
 + Level 2.7 Dodging
 + Level 3.3 Stealth
 + Level 3.2 Spellcasting
 + Level 1.9 Conjurations
 + Level 1.5 Summonings
 + Level 1.7 Translocations


You had 4 spell levels left.
You knew the following spells:

 Your Spells              Type           Power      Damage    Failure   Level
a - Magic Dart            Conj           36%        1d4       8%          1
b - Call Imp              Summ           16%        N/A       13%         2
c - Blink                 Tloc           18%        N/A       12%         2

Your spell library contained the following spells:

 Spells                   Type           Power      Damage    Failure   Level
 Lesser Beckoning         Tloc           18%        N/A       12%         2
 Momentum Strike          Conj/Tloc      18%        3d8       12%         2
 Slow                     Hex            8%         N/A       16%         1
 Cigotuvi's Dreadful Rot  Necr/Alch/Air  4%         N/A       24%         2
 Mephitic Cloud           Conj/Alch/Air  5%         N/A       36%         3


Dungeon Overview and Level Annotations

Branches:
Dungeon (3/15)

Altars:


Innate Abilities, Weirdness & Mutations

You cannot wear most types of armour.
You are amphibious.
You can wear up to eight rings at the same time.
Your skin changes colour to match your surroundings (Stealth+).
Your rubbery body absorbs attacks. (AC +1, EV +1)
((You are camouflaged when in or above water. (Stealth+)))
You have tentacles for arms and can constrict up to eight enemies at once.


Message History

You kill the orc!
An orc comes into view. It is wielding a +0 hand axe.
Aiming: Magic Dart (safe; 8% risk of failure)
Press: ? - help, Q - select action, (/) - cycle Shift-Dir - straight line, f - orc wizard
Aim: an orc wizard, wielding a +0 dagger and wearing a +0 robe of cold resistance (100% to hit)
The magic dart hits the orc wizard.
The orc wizard is lightly wounded.
The orc wizard points at you and mumbles some strange words.
You are confused.
An orc comes into view. It is wielding a +0 club.
The orc wizard points at you and mumbles some strange words.
You are more confused.
The orc shouts!
You're too confused to move!
You bump into the rock wall.
The orc wizard points at you and mumbles some strange words.
The magic dart hits you!
The orc wizard mumbles some strange words.
The orc wizard flickers and vanishes!
Deactivating autopickup; reactivate with Ctrl-A.
The orc attacks as it pursues you! The orc hits you with a +0 whip.
You're too confused to move!
You feel less confused. The orc attacks as it pursues you!
The orc hits you with a +0 whip.
You hit the orc. You freeze the orc. You grab the orc. You squeeze the orc.
You kill the orc!
You hit the orc. You freeze the orc.
You kill the orc!
You miss something.
You hear some strange, mumbled words.
A magic dart appears from out of thin air!
The magic dart hits you!
* * * LOW HITPOINT WARNING * * *
You hit something but do no damage. Something hits you.
* * * LOW HITPOINT WARNING * * *
You miss something.
You hear some strange, mumbled words.
A magic dart appears from out of thin air!
The magic dart hits you!
You die...

#####......####....
#.#.........#####....
...........>.........
#.#.###.....###.#....
#. #.....# #.... #.
#.....# #.... #.
#.....# #....
###.###.....# ....
#...@{o.....# ...
#.#.##......# ..
#........## ..
####.....)...
####....... #.####..
..# . .. ..


You could see an orc.

Vanquished Creatures
  Robin (D:2)
  An adder (D:2)
  2 dart slugs
  3 orcs (D:3)
  4 bats
  5 endoplasms
  3 giant cockroaches
  10 goblins
  7 hobgoblins
  3 jackals (D:1)
  4 kobolds
  4 quokkas
  3 frilled lizards
  7 rats
57 creatures vanquished.

Notes
Turn   | Place    | Note
-------+----------+-------------------------------------------
     0 | D:1      | voltaire321 the Octopode Hedge Wizard began the quest for
                  | the Orb.
     0 | D:1      | Reached XP level 1. HP: 11/11 MP: 4/4
   131 | D:1      | Reached XP level 2. HP: 16/17 MP: 6/6
   179 | D:1      | Learned a level 2 spell: Call Imp
   182 | D:1      | Learned a level 2 spell: Blink
   555 | D:1      | Reached XP level 3. HP: 22/22 MP: 3/7
   829 | D:2      | Reached skill level 1 in Fighting
  1702 | D:2      | Reached XP level 4. HP: 28/28 MP: 5/8
  1746 | D:2      | Noticed Robin
  1755 | D:2      | Killed Robin
  2308 | D:3      | Killed from afar by an orc wizard

Illustrated notes

Levels and vault maps discovered:
D:1:      dpeg_arrival_simpleton_b, layout_loops_ring,
          chequers_serial_rivers_large_a
D:2:      layout_basic, uniq_robin
D:3:      gammafunk_steamed_eel, layout_basic, nicolae_overflow_crystal_walls,
          lightli_temple_of_fire, serial_shops, nicolae_shop_real_fake_doors,
          uniq_ijyb

Skill      XL: |  1  2  3 |
---------------+----------+-----
Stealth        | 3 |  3.3
Fighting       | 1 |  1.3
Dodging        | |  2.7
Spellcasting   | |  3.2
Conjurations   | |  1.9
Summonings     | |  1.5
Translocations | |  1.7

Action                     |  1- 3 |  4- 6 || total
---------------------------+-------+-------++-------
  Melee: Dagger            |    57 |     8 ||    65
         Tentacles         |    12 |     7 ||    19
         Constrict         |    12 |     5 ||    17
         Punch             |     1 |       ||     1
         Short sword       |     4 |     8 ||    12
   Cast: Magic Dart        |    39 |    20 ||    59
   Stab: Sleeping          |     8 |     2 ||    10
 Armour: Skin              |    20 |    10 ||    30
  Dodge: Dodged            |    45 |     4 ||    49

Table legend: (Time is in decaauts)
 A = Elapsed time spent in this place.
 B = Non-inter-level travel time spent in this place.
 C = Inter-level travel time spent in this place.
 D = Time resting spent in this place.
 E = Time spent auto-exploring this place.
 F = Levels seen in this place.
 G = Mean time per level.
                   A        B        C        D        E       F      G
               +--------+--------+--------+--------+--------+-----+--------+
         Total |   2305 |   2180 |    125 |    251 |   1550 |   3 |  768.3 |
       Dungeon |   2305 |   2180 |    125 |    251 |   1550 |   3 |  768.3 |
               +--------+--------+--------+--------+--------+-----+--------+

Top non-repeatable levels by time:
     D:2: 1211 daAuts
     D:1: 817 daAuts
     D:3: 277 daAuts
